 Dungeon Crawl Stone Soup version 0.28-a0-925-gd5e1996cdb (webtiles) character file.

Game seed: 3826373452707624644

32 siradein the Charlatan (level 3, 0/27 HPs)
             Began as a Demonspawn Artificer on Nov 26, 2021.
             Slain by an adder (1 damage)
             ... on level 2 of the Dungeon.
             The game lasted 00:02:33 (1569 turns).

siradein the Charlatan (Demonspawn Artificer)       Turns: 1569, Time: 00:02:35

Health: 0/27       AC:  4    Str: 13    XL:     3   Next: 10%
Magic:  3/3        EV: 11    Int: 12    God:
Gold:   44         SH:  4    Dex: 13    Spells: 2/2 levels left

rFire   . . .      SeeInvis .   j - +0 spear
rCold   . . .      Faith    .   (no shield)
rNeg    . . .      Spirit   .   b - +0 leather armour
rPois   .          Reflect  .   h - +0 helmet
rElec   .          Harm     .   (no cloak)
rCorr   .          Rampage  .   (no gloves)
Will    .....                   (no boots)
Stlth   +.........              (no amulet)
HPRegen 0.09/turn               (no ring)
MPRegen 0.08/turn               (no ring)

@: flying
A: large bone plates 1
a: no special abilities


You were on level 2 of the Dungeon.
You visited 1 branch of the dungeon, and saw 2 of its levels.

You collected 44 gold pieces.

Inventory:

Hand Weapons
 j - a +0 spear (weapon)
Armour
 b - a +0 leather armour (worn)
 h - a +0 helmet (worn)
Wands
 c - a wand of flame (15) (quivered)
 d - a wand of charming (15)
Scrolls
 a - a scroll of enchant weapon {unknown}
 f - a scroll of amnesia {unknown}
 i - a scroll of teleportation {unknown}
Miscellaneous
 e - a piece from Xom's chessboard (15/15)


   Skills:
 + Level 1.7 Fighting
 + Level 0.0 Polearms
 + Level 2.2 Armour
 + Level 1.5 Dodging
 - Level 0.8 Stealth
 + Level 3.3 Evocations


You had 2 spell levels left.
You didn't know any spells.
Your spell library contained the following spells:

 Spells                   Type           Power      Damage    Failure   Level
 Sandblast                Erth           0%         2d4       38%         1
 Passwall                 Tmut/Erth      0%         N/A       54%         2
 Mephitic Cloud           Conj/Pois/Air  0%         N/A       77%         3
 Stone Arrow              Conj/Erth      0%         3d7       77%         3
 Agony                    Necr           0%         N/A       100%        5
 Iskenderun's Battlesphe  Conj           0%         2d6       100%        5
 Simulacrum               Ice/Necr       0%         N/A       100%        6


Dungeon Overview and Level Annotations

Branches:
Dungeon (2/15)

Altars:


Innate Abilities, Weirdness & Mutations

You are partially covered in large bone plates. (SH +4)


Message History

You hit the adder.
The adder is severely wounded.
You feel sick. The adder bites you.
You are more poisoned.
The adder poisons you!
You are too injured to fight recklessly!
You are too injured to fight recklessly!
You hit the adder.
The adder is almost dead.
You feel sick. You block the adder's attack. The adder barely misses you.
You completely miss the adder.
The adder is almost dead.
You feel sick. The adder bites you but does no damage.
You barely miss the adder.
The adder is almost dead.
You feel sick. The adder bites you.
* * * LOW HITPOINT WARNING * * *
The adder barely misses you.
You closely miss the adder.
The adder is almost dead.
You feel sick. The adder barely misses you.
You closely miss the adder.
The adder is almost dead.
You feel sick. The adder barely misses you.
You hit the adder.
The adder is almost dead.
You feel sick. The adder misses you. The adder bites you.
* * * LOW HITPOINT WARNING * * *
You barely miss the adder.
The adder is almost dead.
* * * LOW HITPOINT WARNING * * *
You feel sick. The adder bites you but does no damage.
It was a potion of flight.
You feel very buoyant.
You fly up into the air.
* * * LOW HITPOINT WARNING * * *
You feel sick.
You are no longer poisoned.
The adder bites you.
You die...

.# #.# #... ..
#...# ..
#.$.#..... )#
#........#####.#
#....###.....#S#
#............@.#
#.............##
##..........).##
#.............#
#............##
#...<...$....#
....#..........#
### #..........#
##†........?..


You could see an adder.

Vanquished Creatures
  A dart slug (D:1)
  5 ball pythons
  3 goblins
  2 hobgoblins (D:1)
  8 jackals (D:1)
  2 quokkas (D:1)
  3 bats (D:1)
  A frilled lizard (D:1)
  A kobold (D:1)
  A rat (D:1)
27 creatures vanquished.

Notes
Turn   | Place    | Note
-------+----------+-------------------------------------------
     0 | D:1      | siradein the Demonspawn Artificer began the quest for the
                  | Orb.
     0 | D:1      | Reached XP level 1. HP: 15/15 MP: 1/1
   165 | D:1      | Reached skill level 1 in Dodging
   446 | D:1      | Got Hotwaext's Almanac of Lethal Dark Rituals
   493 | D:1      | Gained mutation: You are partially covered in large bone
                  | plates. (SH +4) [demonic ancestry]
   493 | D:1      | Reached XP level 2. HP: 17/21 MP: 2/2
   928 | D:1      | Reached XP level 3. HP: 20/26 MP: 3/3
  1569 | D:2      | HP: 1/27 [poisoned by an adder]
  1569 | D:2      | Slain by an adder

Illustrated notes

Levels and vault maps discovered:
D:1:      moated_graveyard_arrival, layout_loops_corners
D:2:      layout_rooms, basic_altar, ebering_ecumenical_altar_hall

Skill      XL: |  1 |
---------------+----+-----
Dodging        | 1 |  1.5
Armour         | 2 |  2.2
Fighting       | |  1.7
Stealth        | |  0.8
Evocations     | |  3.3

Action                   || total
-------------------------++-------
Melee: Club              ||    36
       Short sword       ||    86
       Spear             ||    16
  Use: Potion            ||     1
Armor: Leather armour    ||    46
Dodge: Dodged            ||    93
Block: Other             ||    25

Table legend: (Time is in decaauts)
 A = Elapsed time spent in this place.
 B = Non-inter-level travel time spent in this place.
 C = Inter-level travel time spent in this place.
 D = Time resting spent in this place.
 E = Time spent auto-exploring this place.
 F = Levels seen in this place.
 G = Mean time per level.
                   A        B        C        D        E       F      G
               +--------+--------+--------+--------+--------+-----+--------+
         Total |   1588 |   1485 |    103 |      0 |   1204 |   2 |  794.0 |
       Dungeon |   1588 |   1485 |    103 |      0 |   1204 |   2 |  794.0 |
               +--------+--------+--------+--------+--------+-----+--------+

Top non-repeatable levels by time:
     D:1: 1556 daAuts
     D:2: 32 daAuts
